AoeStats
← AgusCasla97

Arabia

509783120Analyzed
1v1 RM · 5d ago on Sep 28, 2026· 31m 4s· 2 players
Game mode
Random Map
Map size
Tiny (2 player)
Population
200
Speed
Normal
Resources
Standard
Victory
Conquest
Starting age
Dark Age
Ending age
Imperial Age
RankedLock teamsTeams togetherTeam positionsShared explorationLock speedFull tech treeHidden civsTurbo modeCheats
Victory
Defeat
🇦🇷 Bengalis · Argentina
787
+17
🇺🇸 Teutons · United States
813
-17
valium
6:32 Loom
9:25 Feudal Age
11:53 Double-Bit Axe
19:48 Castle Age
20:38 Wheelbarrow
20:52 Fletching
AgusCasla97
9:53 Feudal Age
17:22 Castle Age
Connection lost

Rejoining the realm…

Still unreachable

The connection could not be restored.

Session expired

The server has moved on; the page needs a fresh start.